 Dungeon Crawl Stone Soup version 0.31-a0-986-g5e6e4ef867 (webtiles) character file.

Game seed: 3389715657871489534

644 backslashecho the Chopper (level 7, -4/62 HPs)
             Began as a Minotaur Fighter on Nov 11, 2023.
             Slain by an orc
             ... wielding a +2 flail of holy wrath
              (5 damage)
             ... on level 4 of the Dungeon.
             The game lasted 00:10:02 (3645 turns).

backslashecho the Chopper (Minotaur Fighter)        Turns: 3645, Time: 00:10:02

Health: -4/62      AC:  8    Str: 22    XL:     7   Next: 27%
Magic:  6/6        EV:  9    Int:  5    God:
Gold:   247        SH:  5    Dex: 10    Spells: 6/6 levels left

rFire   . . .        a - +0 war axe
rCold   + . .        c - +0 buckler
rNeg    . . .        b - +0 scale mail
rPois   .            (helmet restricted)
rElec   .            (no cloak)
rCorr   .            (no gloves)
SInv    .            k - +0 pair of boots
Will    .....        (no amulet) Stlth
                     j - ring of protection from cold
HPRegen 0.30/turn    (no ring)
MPRegen 0.10/turn

%: no passive effects
@: no status effects
A: horns 2, retaliatory headbutt
a: no special abilities


You were on level 4 of the Dungeon.
You visited 1 branch of the dungeon, and saw 6 of its levels.
You also visited: Sewer and Ossuary.

You collected 247 gold pieces.

Inventory:

Hand Weapons
 a - a +0 war axe (weapon)
 z - the +0 whip of Gin and Tonic {drain, rElec rPois Str-3 Dex+7}
   (You found it on level 4 of the Dungeon)

   Str-3:     It affects your strength (-3).
   Dex+7:     It affects your dexterity (+7).
   rElec:     It insulates you from electricity.
   rPois:     It protects you from poison
Missiles
 s - 2 boomerangs (quivered)
 y - 2 poisoned darts
Armour
 b - a +0 scale mail (worn)
 c - a +0 buckler (worn)
 k - a +0 pair of boots (worn)
Jewellery
 h - an amulet of faith
 j - a ring of protection from cold (left hand)
Scrolls
 f - a scroll of vulnerability
 g - 2 scrolls of fear {unknown}
 i - a scroll of enchant weapon {unknown}
 l - a scroll of noise {unknown}
 o - a scroll of enchant armour {unknown}
 p - 3 scrolls of identify {unknown}
 q - 4 scrolls of revelation {unknown}
 r - 2 scrolls of blinking
 v - a scroll of amnesia {unknown}
 x - a scroll of poison {unknown}
Potions
 d - a potion of might
 e - a potion of mutation {unknown}
 m - a potion of curing {unknown}
 n - 3 potions of lignification {unknown}
 t - 2 potions of heal wounds {unknown}
 u - 3 potions of degeneration {unknown}
 w - a potion of haste {unknown}


   Skills:
 + Level 5.9 Fighting
 * Level 7.1 Axes
 - Level 3.6 Armour
 + Level 5.9 Shields


You had 6 spell levels left.
You didn't know any spells.
Your spell library contained the following spells:

 Spells                   Type           Power      Damage    Failure   Level
 Gell's Gravitas          Tloc           0%         N/A       99%         3
 Teleport Other           Tloc           0%         N/A       99%         3
 Dispersal                Tloc           0%         N/A       100%        6


Dungeon Overview and Level Annotations

Branches:
Dungeon (6/15)              Sewer (visited)         Ossuary (visited)
 Temple: D:4-7

Altars:

Shops:
D:2 =

Annotations:
D:4 Edmund


Innate Abilities, Weirdness & Mutations

You have a pair of horns on your head.
You reflexively headbutt those who attack you in melee.


Message History

Edmund shouts!
Edmund zaps a wand.
The puff of flame hits you.
You take 4 damage, and have 49/62 hp.
Press: ? - help, v - describe, . - travel
Here: Edmund, wielding a +2 heavy flail, wearing a +0 chain mail and carrying a wand of flame The floor.
Unknown command.
You aren't carrying any items that you can evoke.
Unknown command.
Found a dagger and a robe.
You slash Edmund!
Edmund is moderately wounded.
Edmund zaps a wand.
The puff of flame hits you!
Edmund zaps a wand.
The puff of flame misses you.
You take 7 damage, and have 42/62 hp.
You slash Edmund!
Edmund is heavily wounded.
You block Edmund's attack.
You barely miss Edmund.
Edmund is heavily wounded.
You block Edmund's attack.
You hit Edmund but do no damage.
Edmund is heavily wounded.
You slash Edmund! You headbutt Edmund.
Edmund is almost dead.
Edmund hits you with a +2 heavy flail.
You take 2 damage, and have 41/62 hp.
You hit Edmund. You headbutt Edmund, but do no damage.
Edmund is almost dead.
Edmund hits you with a +2 heavy flail!!
You take 18 damage, and have 23/62 hp.
MASSIVE DAMAGE!!
You barely miss Edmund. Your headbutt misses Edmund.
Edmund is almost dead.
Edmund barely misses you.
Press: ? - help, v - describe, . - travel
Here: Edmund, wielding a +2 heavy flail, wearing a +0 chain mail and carrying a wand of flame (almost dead)
The floor, spattered with blood.
Unknown command.
You barely miss Edmund.
Edmund is almost dead.
Edmund hits you with a +2 heavy flail!
* * * LOW HITPOINT WARNING * * *
You take 13 damage, and have 10/62 hp.
MASSIVE DAMAGE!!
You block the orc's attack.
There is a stone staircase leading up here.
Edmund asks, "Have you met my wondrous brother?"
Edmund zaps a wand.
The puff of flame hits you!
* * * LOW HITPOINT WARNING * * *
The orc hits you with a +2 flail of holy wrath.
You die...

..##..
###############.....##
.....................
.........#.#..#... .
.......8.....#..##.##
.................#!.#
.....8...8..........#
.......[...)...o@...#
.......8(...#....####
....##......#.@...#
...#####......#.#...#
...#####........#.###
...##.#......#..#..
....#...##...#......
.........######......
..#........# ........


You could see Edmund and an orc.

Vanquished Creatures
  A wraith (Ossuary)
  2 bullfrogs (Sewer)
  A hound (D:4)
  An orc priest (D:4)
  Terence (D:2)
  An iguana (D:4)
  A mummy (Ossuary)
  7 adders
  2 river rats (D:3)
  6 worms (D:3)
  A dart slug (D:1)
  3 orcs
  15 endoplasms
  14 giant cockroaches
  9 hobgoblins
  9 kobolds
  9 quokkas
  12 ball pythons
  4 bats
  7 frilled lizards
  7 gnoll skeletons (Ossuary)
  7 goblins
  2 kobold skeletons (Ossuary)
  16 orc skeletons (Ossuary)
  10 rats
148 creatures vanquished.

Notes
Turn   | Place    | Note
-------+----------+-------------------------------------------
     0 | D:1      | backslashecho the Minotaur Fighter began the quest for the
                  | Orb.
     0 | D:1      | Reached XP level 1. HP: 19/19 MP: 0/0
    83 | D:1      | Reached skill level 3 in Axes
    83 | D:1      | Reached XP level 2. HP: 27/27 MP: 1/1
   700 | D:1      | Reached XP level 3. HP: 33/33 MP: 2/2
  1207 | D:2      | Noticed Terence
  1218 | D:2      | Killed Terence
  1219 | D:2      | Reached skill level 4 in Axes
  1219 | D:2      | Reached XP level 4. HP: 23/40 MP: 3/3
  1710 | D:2      | Found Qiluir's Jewellery Emporium.
  1835 | D:3      | You fall into a shaft and drop 3 floors!
  1841 | D:5      | Entered Level 5 of the Dungeon
  1932 | D:4      | Noticed Edmund
  1979 | D:3      | Reached XP level 5. HP: 47/47 MP: 4/4
  1993 | D:3      | Reached skill level 5 in Axes
  2024 | D:3      | Found a glowing drain.
  2029 | Sewer    | Entered a sewer
  2160 | Sewer    | Reached skill level 5 in Fighting
  2163 | Sewer    | Reached skill level 5 in Shields
  2319 | Sewer    | Reached skill level 6 in Axes
  2319 | Sewer    | Reached XP level 6. HP: 39/56 MP: 5/5
  2414 | D:4      | Found a sand-covered staircase.
  2423 | Ossuary  | Entered an ossuary
  2423 | Ossuary  | Noticed a wraith
  2423 | Ossuary  | Noticed a wraith
  2423 | Ossuary  | Noticed a wraith
  2711 | Ossuary  | Noticed a wraith
  2723 | Ossuary  | Killed a wraith
  2724 | Ossuary  | Reached XP level 7. HP: 40/62 MP: 6/6
  3476 | D:3      | Reached skill level 7 in Axes
  3623 | D:4      | Identified the +0 whip of Gin and Tonic {drain, rElec rPois
                  | Str-3 Dex+7}
  3645 | D:4      | HP: 1/62 [Edmund/puff of flame (10)]
  3645 | D:4      | Slain by an orc

Illustrated notes

Levels and vault maps discovered:
D:1:      saegor_arrival_simple_b, layout_loops_corners, minmay_small_reverse_x
D:2:      layout_loops_ring, serial_shops, shop, uniq_terence
D:3:      layout_basic, lightli_sewer_entry_pipes
D:4:      layout_cave_pools, nicolae_ossuary_entry_monument,
          hangedman_decor_diamond_cutter, minivault_1, uniq_edmund
D:5:      layout_rooms, eat_drink_and_be_merry_uskayaw,
          mainiacjoe_overflow_divided_tiny, minmay_divided_ellipse, uniq_duvessa
D:6:      layout_basic, minmay_temple_entry_enclosed_plants, uniq_prince_ribbit1

Skill      XL: |  1  2  3  4  5  6  7 |
---------------+----------------------+-----
Axes           | 3 4 6 7 |  7.1
Fighting       | 4 5 |  5.9
Shields        | 4 5 |  5.9
Armour         | |  3.6

Action                     |  1- 3 |  4- 6 |  7- 9 || total
---------------------------+-------+-------+-------++-------
  Melee: War axe           |    87 |   156 |    62 ||   305
         Headbutt          |    10 |    18 |    11 ||    39
    Use: Scroll            |       |     2 |       ||     2
         Potion            |       |     1 |       ||     1
 Armour: Scale mail        |    56 |   102 |    38 ||   196
  Dodge: Dodged            |    31 |    62 |    19 ||   112
  Block: Buckler           |    19 |    39 |    14 ||    72

Table legend: (Time is in decaauts)
 A = Elapsed time spent in this place.
 B = Non-inter-level travel time spent in this place.
 C = Inter-level travel time spent in this place.
 D = Time resting spent in this place.
 E = Time spent auto-exploring this place.
 F = Levels seen in this place.
 G = Mean time per level.
                   A        B        C        D        E       F      G
               +--------+--------+--------+--------+--------+-----+--------+
         Total |   3840 |   3476 |    364 |    321 |   1706 |   8 |  480.0 |
       Dungeon |   3077 |   2713 |    364 |    137 |   1706 |   6 |  512.8 |
         Sewer |    396 |    396 |      0 |     65 |      0 |   1 |  396.0 |
       Ossuary |    367 |    367 |      0 |    119 |      0 |   1 |  367.0 |
               +--------+--------+--------+--------+--------+-----+--------+

Top non-repeatable levels by time:
     D:3: 1019 daAuts
     D:1: 974 daAuts
     D:2: 882 daAuts
   Sewer: 396 daAuts
 Ossuary: 367 daAuts
     D:4: 186 daAuts
     D:5: 8 daAuts
     D:6: 5 daAuts
